AoeStats
← Abetterhandle

Nomad

505620919Analyzed
4v4 RM · 23d ago on Sep 10, 2026· 50m 53s· 8 players
Game mode
Random Map
Map size
231×231
Population
200
Speed
Normal
Resources
Standard
Victory
Conquest
Starting age
Dark Age
Ending age
Imperial Age
RankedLock teamsTeams togetherTeam positionsShared explorationLock speedFull tech treeHidden civsTurbo modeCheats
Victory
Defeat
🇹🇼 Burgundians · Taiwan
980
+15
🇨🇳 Huns · China
915
+17
🇦🇺 Italians · Australia
913
+17
🇨🇳 Lithuanians · China
869
+19
🇲🇽 Bulgarians · Mexico
985
-19
🇳🇿 Koreans · New Zealand
973
-18
🇲🇽 Khmer · Mexico
928
-16
🇨🇱 Britons · Chile
897
-15
NthEagle7752776
18:47 Feudal Age
20:32 Double-Bit Axe
21:02 Horse Collar
23:27 Castle Age
21:41 Fishing Lines
23:09 Stone Mining
23:10 Gold Mining
24:59 Bow Saw
27:04 Gold Shaft Mining
26:54 Gillnets
28:37 Bloodlines
28:28 Husbandry
30:25 Scale Barding Armor
30:31 Forging
30:20 Loom
31:11 Wheelbarrow
32:42 Iron Casting
34:49 Hand Cart
35:19 Chain Barding Armor
40:20 Imperial Age
41:55 Plate Barding Armor
42:21 Blast Furnace
42:17 Conscription
41:18 Elite Tarkan
42:27 Marauders
nvda
3:30 Loom
16:44 Feudal Age
17:06 Double-Bit Axe
20:47 Castle Age
19:09 Bow Saw
21:43 Medium Warships
23:23 Two-Man Saw
23:39 Horse Collar
28:24 Wheelbarrow
35:46 Imperial Age
33:54 Hand Cart
35:15 Forging
34:59 Gold Mining
35:02 Stone Mining
34:58 Cavalier
36:30 Paladin
38:58 Husbandry
40:11 Iron Casting
40:16 Scale Barding Armor
40:28 Town Watch
41:37 Light Cavalry
44:19 Pikeman
46:26 Blast Furnace
45:27 Scale Mail Armor
45:35 Squires
45:21 Arson
47:40 Halberdier
49:19 Gold Shaft Mining
49:20 Stone Shaft Mining
48:48 Town Patrol
49:03 Heavy Plow
49:51 Chain Mail Armor
50:14 Conscription
52:15 Chemistry
51:36 Ballistics
Angry Womble
15:41 Feudal Age
20:21 Castle Age
19:16 Double-Bit Axe
19:55 Stone Mining
22:33 Fishing Lines
24:24 Gillnets
29:09 Fletching
29:21 Padded Archer Armor
30:59 Gold Mining
34:03 Imperial Age
36:54 Man-at-Arms
41:39 Chemistry
40:59 Ballistics
44:19 Pikeman
50:29 Long Swordsman
伐木人
14:22 Feudal Age
14:30 Loom
22:32 Castle Age
24:21 Double-Bit Axe
25:47 Wheelbarrow
25:30 Bow Saw
34:22 Treadmill Crane
40:06 Fortified Wall
45:29 Imperial Age
44:04 Fishing Lines
45:06 Hand Cart
48:51 Two-Man Saw
48:15 Husbandry
49:34 Forging
49:30 Scale Barding Armor
rick_m94
15:12 Feudal Age
18:42 Castle Age
18:27 Stone Mining
18:30 Gold Mining
21:03 Wheelbarrow
25:15 Hand Cart
24:51 Double-Bit Axe
30:48 Bloodlines
30:39 Husbandry
43:00 Imperial Age
40:48 Tusk Swords
42:29 Pikeman
43:37 Elite Ballista Elephant
44:11 Halberdier
46:22 Elite Ballista Elephant
47:23 Conscription
47:04 Double Crossbow
47:01 Capped Ram
Geraik
6:24 Loom
16:05 Feudal Age
22:17 Castle Age
20:04 Double-Bit Axe
22:14 Wheelbarrow
22:09 Horse Collar
22:18 Fishing Lines
23:05 Gambesons
23:24 Squires
23:25 Scale Mail Armor
23:57 Bow Saw
25:28 Chain Mail Armor
25:27 Gold Mining
29:47 Forging
36:15 Pikeman
37:54 Gillnets
43:08 Iron Casting
45:47 Imperial Age
45:56 Halberdier
Juan Carlos Bodoque
4:28 Loom
14:26 Feudal Age
14:57 Town Watch
15:03 Double-Bit Axe
15:11 Gold Mining
18:25 Wheelbarrow
17:36 Horse Collar
24:08 Fletching
24:19 Padded Archer Armor
28:16 Castle Age
27:26 Stone Mining
29:20 Bow Saw
29:49 Gold Shaft Mining
28:47 Crossbowman
29:47 Town Patrol
29:53 Elite Skirmisher
31:03 Leather Archer Armor
34:06 Bodkin Arrow
35:19 Yeomen
37:17 Hand Cart
Abetterhandle
5:10 Loom
14:28 Feudal Age
18:27 Double-Bit Axe
21:01 Castle Age
20:16 Forging
29:51 Fletching
37:20 Squires
39:21 Horse Collar
40:59 Scale Mail Armor
41:35 Iron Casting
43:46 Imperial Age
41:02 Town Watch
43:16 Gambesons
44:33 Elite Fire Lancer
45:35 Chain Mail Armor
45:17 Bodkin Arrow
49:49 Wheelbarrow
Connection lost

Rejoining the realm…

Still unreachable

The connection could not be restored.

Session expired

The server has moved on; the page needs a fresh start.